 Dungeon Crawl Stone Soup version 0.22.0-6-g71bd7aa (webtiles) character file.

220 asthiss the Slasher (level 5, 0/47 HPs)
             Began as a Minotaur Berserker on Aug 14, 2018.
             Was a Believer of Trog.
             Succumbed to a water moccasin's poison
             ... on level 4 of the Dungeon.
             The game lasted 00:06:52 (2170 turns).

asthiss the Slasher (Minotaur Berserker)            Turns: 2170, Time: 00:06:52

Health: 0/47       AC: 14    Str: 22    XL:     5   Next: 64%
Magic:  3/4        EV:  7    Int:  9    God:    Trog [**....]
Gold:   73         SH:  0    Dex: 10    Spells: 4/4 levels left

rFire    . . .     SeeInvis .   a - +0 falchion
rCold    + . .     Gourm    .   (no shield)
rNeg     . . .     Faith    .   g - +2 plate armour
rPois    .         Spirit   +   j - +1 hat
rElec    .         Reflect  .   (no cloak)
rCorr    .         Harm     .   (no gloves)
MR       .....                  (no boots)
Stlth    ..........             n - amulet of guardian spirit
HPRegen  0.15/turn              f - +5 ring of intelligence
MPRegen  0.09/turn              (no ring)

@: lethally poisoned (0 -> -10)
A: retaliatory headbutt, horns 2, cold resistance 1, deterioration 1
a: Berserk, Trog's Hand, Renounce Religion


You were on level 4 of the Dungeon.
You worshipped Trog.
Trog was pleased with you.
You were not hungry.

You visited 1 branch of the dungeon, and saw 4 of its levels.

You collected 73 gold pieces.

Inventory:

Hand Weapons
 a - a +0 falchion (weapon)
Armour
 g - a +2 plate armour (worn)
 j - a +1 hat (worn)
Jewellery
 f - a +5 ring of intelligence (left hand)
 n - an amulet of guardian spirit (around neck)
Scrolls
 b - 3 scrolls of remove curse
 d - a scroll of fear
 h - 5 scrolls of identify
 l - a scroll of teleportation
Potions
 e - 2 potions of haste
 i - a potion of ambrosia
Comestibles
 c - 3 rations


   Skills:
 + Level 4.8 Fighting
 + Level 5.9 Long Blades
 + Level 3.9 Armour
 + Level 2.6 Dodging
 + Level 0.4 Stealth


You had 4 spell levels left.
You didn't know any spells.
Your spell library was empty.

Dungeon Overview and Level Annotations

Branches:
Dungeon (4/15)
 Temple: D:4-7

Altars:
Nemelex Xobeh
Ru

Shops:
D:4 }


Innate Abilities, Weirdness & Mutations

You reflexively headbutt those who attack you in melee.
You have a pair of horns on your head.
Your flesh is cold resistant. (rC+)
Your body sometimes deteriorates upon taking damage.


Message History

You feel sick.
* * * LOW HITPOINT WARNING * * *
You feel sick.
* * * LOW HITPOINT WARNING * * *
You feel sick.
* * * LOW HITPOINT WARNING * * *
You feel sick.
* * * LOW HITPOINT WARNING * * *
You feel sick.
* * * LOW HITPOINT WARNING * * *
You feel sick.
* * * LOW HITPOINT WARNING * * *
You feel sick.
You open the door.
* * * LOW HITPOINT WARNING * * *
You feel sick.
* * * LOW HITPOINT WARNING * * *
You feel sick.
There is an open door here.
You die...

..#
....#.#...###
..#
#.8..∩..8.#
#.#.#.....##.
#.#........
#.#...####..
#.#...# .
#.#...#
#.#...#
#@'...#
#.#...#
...#...#
#####...#
....# ....#
..... #####.#


There were no monsters in sight!

Vanquished Creatures
  A water moccasin (D:4)
  A hound (D:3)
  Terence (D:2)
  An adder (D:2)
  A worm (D:3)
  2 dart slugs
  3 giant cockroaches
  6 goblins
  5 hobgoblins
  3 jackals (D:3)
  3 kobolds
  2 quokkas (D:3)
  2 ball pythons
  9 bats
  4 frilled lizards
  6 rats
50 creatures vanquished.

Notes
Turn   | Place    | Note
-------+----------+-------------------------------------------
     0 | D:1      | asthiss the Minotaur Berserker began the quest for the Orb.
     0 | D:1      | Reached XP level 1. HP: 19/19 MP: 0/0
   127 | D:1      | Reached skill level 4 in Long Blades
   132 | D:1      | Reached XP level 2. HP: 27/27 MP: 1/1
   954 | D:2      | Reached XP level 3. HP: 32/33 MP: 2/2
   988 | D:2      | Noticed Terence
  1003 | D:2      | Killed Terence
  1237 | D:2      | Found a sacrificial altar of Ru.
  1556 | D:3      | Reached ** piety under Trog
  1557 | D:3      | Reached XP level 4. HP: 38/41 MP: 3/3
  1565 | D:3      | Reached skill level 5 in Long Blades
  1759 | D:3      | Gained mutation: Your body sometimes deteriorates upon taking damage. [potion of mutation]
  1759 | D:3      | Gained mutation: Your flesh is cold resistant. (rC+) [potion of mutation]
  2126 | D:4      | Found a sparkling altar of Nemelex Xobeh.
  2145 | D:4      | Found Rink's Gadget Boutique.
  2147 | D:4      | Noticed a water moccasin
  2155 | D:4      | Killed a water moccasin
  2155 | D:4      | Reached XP level 5. HP: 29/47 MP: 2/4
  2169 | D:4      | HP: 1/47 [poisoned by a water moccasin]
  2170 | D:4      | Succumbed to a water moccasin's poison

Skill      XL: |  1  2  3  4 |
---------------+-------------+-----
Long Blades    | 4 5 |  5.9
Fighting       | 4 |  4.8
Armour         | 3 |  3.9
Dodging        | |  2.6
Stealth        | |  0.4

Action                   |  1- 3 |  4- 6 || total
-------------------------+-------+-------++-------
Melee: Falchion          |    75 |    47 ||   122
       Headbutt          |    12 |     9 ||    21
  Use: Potion            |     4 |     5 ||     9
       Scroll            |    11 |       ||    11
 Stab: Invisible         |     1 |       ||     1
       Sleeping          |     1 |       ||     1
  Eat: Ration            |     1 |     1 ||     2
Armor: Animal skin       |     3 |       ||     3
       Plate armour      |    68 |    19 ||    87
Dodge: Dodged            |    41 |    16 ||    57
       Rpst.: Falchion   |    12 |     5 ||    17
